AoeStats
← larrery

Golden Pit

510088596Analyzed
1v1 RM · 3d ago on Sep 29, 2026· 23m 53s· 2 players
Game mode
Random Map
Map size
Tiny (2 player)
Population
200
Speed
Normal
Resources
Standard
Victory
Conquest
Starting age
Dark Age
Ending age
Imperial Age
RankedLock teamsTeams togetherTeam positionsShared explorationLock speedFull tech treeHidden civsTurbo modeCheats
Victory
Defeat
🇫🇷 Chinese · France
923
+17
🇨🇴 Muisca · Colombia
955
-17
Fiascololo_-
0:31 Loom
10:10 Feudal Age
11:33 Wheelbarrow
11:01 Double-Bit Axe
13:15 Town Watch
15:13 Horse Collar
18:39 Castle Age
19:37 Bow Saw
19:28 Heavy Plow
22:56 Bloodlines
larrery
6:30 Loom
9:47 Feudal Age
10:47 Double-Bit Axe
18:22 Castle Age
16:27 Fletching
16:50 Gold Mining
17:51 Horse Collar
18:22 Padded Archer Armor
18:32 Crossbowman
19:45 Bow Saw
20:33 Thumb Ring
20:59 Town Watch
23:08 Bodkin Arrow
Connection lost

Rejoining the realm…

Still unreachable

The connection could not be restored.

Session expired

The server has moved on; the page needs a fresh start.